 Dungeon Crawl Stone Soup version 0.30-a0-347-gf58ed5266c (webtiles) character file.

Game seed: 15156735523321361937

7664 funkygono the Arsonist (level 10, -2/73 HPs)
             Began as a Black Draconian Fire Elementalist on Nov 5, 2022.
             Slain by a death yak (15 damage)
             ... on level 9 of the Dungeon.
             The game lasted 00:21:17 (9358 turns).

funkygono the Arsonist (DrFE)                       Turns: 9358, Time: 00:21:17

Health: -2/73      AC: 14    Str: 11    XL:     10   Next: 99%
Magic:  8/23       EV: 17    Int: 20    God:
Gold:   271        SH:  0    Dex: 17    Spells: 9/27 levels left

rFire   . . .      SeeInvis .    C - +8 flail
rCold   . . .      Faith    .    (no shield)
rNeg    . . .      Spirit   .    (body armour unavailable)
rPois   .          Reflect  .    b - +2 hat
rElec   +          Harm     .    s - scarf {repulsion}
rCorr   .          Rampage  .    u - +2 pair of gloves {infuse}
Will    .....                    m - +1 pair of boots
Stlth   ++........               c - amulet of magic regeneration
HPRegen 0.32/turn                o - +6 ring of dexterity
MPRegen 0.58/turn                E - +4 ring of evasion

@: repel missiles
A: breathe lightning, AC +7, unfitting armour, electricity resistance,
cold-blooded
a: Breathe Lightning


You were on level 9 of the Dungeon.
You visited 2 branches of the dungeon, and saw 10 of its levels.

You collected 411 gold pieces.
You spent 140 gold pieces at shops.

Inventory:

Hand Weapons
 d - a +0 dagger
 i - a +1 mace
 w - a +0 whip
 C - a +8 flail (weapon)
 I - a +4 flail of freezing
Missiles
 F - a throwing net
Armour
 b - a +2 hat (worn)
 m - a +1 pair of boots (worn)
 q - a +0 cloak
 s - a scarf of repulsion (worn)
 u - a +2 pair of gloves of infusion (worn)
Magical Staves
 B - a staff of air
 M - a staff of earth
Jewellery
 c - an amulet of magic regeneration (around neck)
 f - an amulet of reflection
 k - a +6 ring of dexterity
 o - a +6 ring of dexterity (left hand)
 v - an amulet of the acrobat
 E - a +4 ring of evasion (right hand)
 J - an amulet of regeneration
Wands
 h - a wand of digging (2)
 x - a wand of mindburst (18)
 y - a wand of charming (5)
 D - a wand of quicksilver (9)
 P - a wand of polymorph (5)
Scrolls
 G - a scroll of silence
 K - a scroll of blinking
 N - 3 scrolls of magic mapping
 O - a scroll of poison
Potions
 a - 2 potions of magic
 e - a potion of invisibility {unknown}
 g - 3 potions of attraction
 j - 4 potions of heal wounds
 l - 3 potions of curing
 n - 2 potions of brilliance {unknown}
 p - 2 potions of might
 r - 2 potions of mutation
 t - a potion of berserk rage {unknown}
 z - 2 potions of resistance
 A - 2 potions of haste
 H - 2 potions of ambrosia {unknown}
 L - a potion of lignification {unknown}


   Skills:
 + Level 2.2 Fighting
 + Level 3.7 Maces & Flails
 + Level 3.8 Dodging
 + Level 3.0 Stealth
 + Level 0.3 Shields
 + Level 9.4 Spellcasting
 + Level 6.9 Conjurations
 + Level 0.1 Translocations
 + Level 10.4 Fire Magic
 + Level 0.4 Air Magic


You had 9 spell levels left.
You knew the following spells:

 Your Spells              Type           Power      Damage    Failure   Level
a - Foxfire               Conj/Fire      100%       2x1d9     1%          1
b - Scorch                Fire           100%       2d10      1%          2
c - Kindle Blastsparks    Fire/Tloc/Air  48%        2d14      4%          3
d - Flame Wave            Conj/Fire      44%        2d11      1%          4
e - Blink                 Tloc           18%        N/A       11%         2
f - Starburst             Conj/Fire      22%        6d7       32%         6

Your spell library contained the following spells:

 Spells                   Type           Power      Damage    Failure   Level
 Momentum Strike          Conj/Tloc      46%        3d9       2%          2
 Inner Flame              Hex/Fire       30%        N/A       2%          3
 Dazzling Flash           Conj/Hex       46%        N/A       5%          3
 Necrotise                Necr           36%        1d5       8%          1
 Summon Small Mammal      Summ           36%        N/A       8%          1
 Cigotuvi's Dreadful Rot  Necr/Pois/Air  20%        N/A       11%         2
 Iskenderun's Mystic Bla  Conj/Tloc      23%        2d6       17%         4
 Call Canine Familiar     Summ           9%         N/A       22%         3
 Lesser Beckoning         Tloc           18%        N/A       22%         3
 Portal Projectile        Hex/Tloc       18%        N/A       22%         3
 Summon Guardian Golem    Hex/Summ       9%         N/A       22%         3
 Tukima's Dance           Hex            9%         N/A       22%         3
 Vampiric Draining        Necr           9%         2d6       22%         3
 Dispel Undead            Necr           9%         3d8       58%         4
 Agony                    Necr           9%         N/A       90%         5
 Blade Hands              Tmut           4%         N/A       90%         5
 Death Channel            Necr           4%         N/A       100%        6


Dungeon Overview and Level Annotations

Branches:
Dungeon (9/15)             Temple (1/1) D:4
   Lair: D:8-11         Orc: D:9-12

Altars:
Ashenzari
Cheibriados
Dithmenos
Elyvilon
Fedhas
Gozag
Hepliaklqana
Kikubaaqudgha
Makhleb
Nemelex Xobeh
Okawaru
Qazlal
Ru
Sif Muna
Trog
Uskayaw
Wu Jian
Xom
Yredelemnul
Zin
The Shining One

Shops:
D:1 ([   D:5 [


Innate Abilities, Weirdness & Mutations

You can breathe wild blasts of lightning.
Your glossy black scales are hard. (AC +7)
You cannot fit into any form of body armour.
You are resistant to electric shocks. (rElec)
You are cold-blooded and may be slowed by cold attacks.


Message History

The death yak is moderately wounded. (Press . to intensify the flame waves.)
The death yak gores you but does no damage.
Unknown command.
A wave of flame ripples out!
The flame wave engulfs the death yak!
The death yak is heavily wounded.
The flame wave engulfs the death yak!!
The death yak is almost dead.
The death yak completely misses you.
A wave of flame ripples out!
The flame wave engulfs the death yak!
The death yak is heavily wounded.
The flame wave engulfs the death yak!
You kill the death yak!
You finish channelling waves of flame.
The death yak gores you.
Casting: Flame Wave (dangerous; 1% risk of failure)
Confirm with . or Enter, or press ? or * to list all spells.
Casting: Flame Wave (dangerous; 1% risk of failure)
Press: ? - help, Dir - look around, f - activate A wave of flame ripples out!
The flame wave engulfs the death yak.
The death yak is heavily wounded. (Press . to intensify the flame waves.)
The death yak snorts and paws the ground.
The death yak gores you!!
A wave of flame ripples out!
The flame wave engulfs the death yak!
The death yak is severely wounded.
The death yak gores you!
* * * LOW HITPOINT WARNING * * *
A wave of flame ripples out!
The flame wave engulfs the death yak.
The death yak is severely wounded.
You finish channelling waves of flame.
The death yak gores you!
* * * LOW HITPOINT WARNING * * *
Casting: Flame Wave (dangerous; 1% risk of failure)
Confirm with . or Enter, or press ? or * to list all spells.
Flames lash the death yak.
The death yak is almost dead.
The death yak's fire resistance burns away.
The death yak gores you!
* * * LOW HITPOINT WARNING * * *
You feel much better. The death yak gores you!
You die...

#........#
#.....>.<#
+........#
#........#
#........#
#........#
#####'#### #..# ##@#
#####Y### #..)))..#
#########....)).#
##.......'.......#
###..#######.......#
.[..## #.......#
†#### #.......# .#
#.......#


You could see a death yak (combustible).

Vanquished Creatures
  2 death yaks (D:9)
  A two-headed ogre (D:7)
  Grinder (D:3)
  Sigmund (D:5)
  2 wraiths (D:9)
  A steam dragon (D:8)
  6 yaks (D:8)
  Menkaure (D:7)
  An acid dragon (D:9)
  A water moccasin (D:9)
  A black bear (D:5)
  2 ice beasts (D:6)
  An orc warrior (D:9)
  5 ogres
  2 centaurs
  3 kobold brigands
  2 bullfrogs (D:8)
  Blork the orc (D:5)
  A necrophage (D:3)
  2 gnoll sergeants
  24 wights
  Dowan (D:7)
  A killer bee (D:9)
  2 howler monkeys (D:7)
  3 hounds
  5 orc priests
  A gnoll bouda (D:7)
  6 orc wizards
  4 iguanas
  20 gnolls
  13 adders
  2 white imps
  An ufetubus (D:5)
  2 worms (D:2)
  A dart slug (D:1)
  27 orcs
  7 bats
  12 endoplasms
  A giant cockroach (D:3)
  4 goblins
  6 hobgoblins
  4 quokkas
  6 ball pythons
  2 frilled lizards (D:1)
  16 kobolds
  6 rats
214 creatures vanquished.

Vanquished Creatures (others)
  Duvessa (D:7)
  595 foxfires
596 creatures vanquished.

Grand Total: 810 creatures vanquished

Notes
Turn   | Place    | Note
-------+----------+-------------------------------------------
     0 | D:1      | funkygono the Draconian Fire Elementalist began the quest
                  | for the Orb.
     0 | D:1      | Reached XP level 1. HP: 14/14 MP: 3/3
     8 | D:1      | Noticed a black mamba
     8 | D:1      | Noticed a redback
     8 | D:1      | Noticed a wolf
    31 | D:1      | Noticed a lindwurm
    31 | D:1      | Noticed a black bear
   242 | D:1      | Reached XP level 2. HP: 20/20 MP: 0/5
   523 | D:1      | Learned a level 2 spell: Scorch
   579 | D:1      | Found Nuim Zan's Antique Weapon Boutique.
   590 | D:1      | Found Wumy's Antique Armour Shoppe.
  1276 | D:2      | Reached XP level 3. HP: 26/26 MP: 2/6
  1281 | D:2      | Learned a level 3 spell: Kindle Blastsparks
  1497 | D:2      | Identified the +4 ring mail "Dupsaaroth" {Regen+ Int+2
                  | Dex+5}
  1875 | D:2      | Reached XP level 4. HP: 33/33 MP: 0/7
  2181 | D:2      | Found a hide-covered altar of Uskayaw.
  3005 | D:3      | Reached skill level 4 in Fire Magic
  3191 | D:3      | Found a broken altar of Ashenzari.
  3213 | D:3      | Noticed a necrophage
  3223 | D:3      | Killed a necrophage
  3224 | D:3      | Reached XP level 5. HP: 31/38 MP: 0/9
  3408 | D:3      | Noticed Grinder
  3420 | D:3      | Killed Grinder
  3421 | D:3      | Reached XP level 6. HP: 33/45 MP: 0/11
  3760 | D:3      | Learned a level 4 spell: Flame Wave
  3890 | D:1      | Bought a runed hat for 140 gold pieces
  4064 | D:4      | Reached skill level 5 in Fire Magic
  4179 | D:4      | Your scales start taking on a glossy black colour.
  4179 | D:4      | Reached XP level 7. HP: 50/50 MP: 8/13
  4179 | D:4      | Gained mutation: You are resistant to electric shocks.
                  | (rElec) [Black Draconian growth]
  4265 | D:4      | Found a staircase to the Ecumenical Temple.
  4300 | Temple   | Entered the Ecumenical Temple
  4685 | D:4      | Found an ancient bone altar of Kikubaaqudgha.
  5073 | D:4      | Learned a level 2 spell: Blink
  5089 | D:5      | Entered Level 5 of the Dungeon
  5099 | D:5      | Noticed Sigmund
  5147 | D:5      | Noticed Blork the orc
  5204 | D:5      | Killed Blork the orc
  5237 | D:5      | Found a bloodstained altar of Trog.
  5238 | D:5      | Found a hazy altar of Hepliaklqana.
  5267 | D:5      | Found a basalt altar of Yredelemnul.
  5429 | D:5      | Killed Sigmund
  5430 | D:5      | Reached skill level 1 in Maces & Flails
  5430 | D:5      | Reached skill level 5 in Spellcasting
  5430 | D:5      | Reached skill level 6 in Fire Magic
  5449 | D:5      | Found a hide-covered altar of Uskayaw.
  5508 | D:5      | Found Seuri's Armour Boutique.
  5528 | D:5      | Reached XP level 8. HP: 57/57 MP: 12/15
  6271 | D:6      | Reached skill level 7 in Fire Magic
  6506 | D:6      | Reached XP level 9. HP: 63/63 MP: 18/18
  6734 | D:6      | Reached skill level 5 in Conjurations
  6923 | D:6      | Learned a level 6 spell: Starburst
  6967 | D:7      | Noticed Menkaure
  7213 | D:7      | Reached skill level 8 in Fire Magic
  7230 | D:7      | Noticed a two-headed ogre
  7236 | D:7      | Killed a two-headed ogre
  7237 | D:7      | Reached skill level 1 in Fighting
  7317 | D:7      | Noticed Duvessa
  7321 | D:7      | Noticed Dowan
  7331 | D:7      | Killed Duvessa
  7332 | D:7      | Reached skill level 9 in Fire Magic
  7333 | D:7      | Killed Dowan
  7452 | D:7      | Found a shimmering altar of Xom.
  7492 | D:7      | Killed Menkaure
  8003 | D:8      | Found a stormy altar of Qazlal.
  8077 | D:8      | Reached XP level 10. HP: 71/71 MP: 19/22
  8727 | D:8      | Found a glowing silver altar of Zin.
  9100 | D:9      | Reached skill level 10 in Fire Magic
  9203 | D:9      | Noticed a death yak
  9207 | D:9      | Noticed a death yak
  9235 | D:9      | Noticed a death yak
  9236 | D:9      | Killed a death yak
  9353 | D:9      | Killed a death yak
  9357 | D:9      | HP: 1/73 [death yak (7)]
  9358 | D:9      | Slain by a death yak

Illustrated notes

Levels and vault maps discovered:
D:1:      onia_arrival_zoo_common, layout_loops_corners, serial_shops,
          nicolae_shop_overgrown_old_shop, nicolae_square_shop,
          corexii_item_surrounded_by_moat
D:2:      layout_basic, basic_altar, minmay_randomly_rotated_circles
D:3:      layout_loops_corners, old_standard_altar, uniq_grinder
D:4:      layout_basic, mainiacjoe_overflow_paths,
          minmay_temple_entry_gardened_gates
D:5:      layout_loops_ring, general_overflow_altar,
          gammafunk_temple_overflow_forgotten, serial_shops, shop,
          uniq_blork_the_orc, uniq_sigmund
D:6:      layout_basic
D:7:      layout_cave_pools, lemuel_coloured_pillars_altar, serial_rivers,
          chequers_serial_rivers_room_b, chequers_serial_rivers_room_b,
          chequers_serial_rivers_large_b, chequers_serial_rivers_micro_e,
          chequers_serial_rivers_micro_d, chequers_serial_rivers_marsh,
          moated_statue, uniq_menkaure, uniq_duvessa
D:8:      layout_rooms, zin_statuary, mainiacjoe_overflow_catwalk
D:9:      layout_roguey, dpeg_lair_monsters, minmay_circle_x
Temple:   nicolae_temple_slightly_damp_pantheon

Skill      XL: |  1  2  3  4  5  6  7  8  9 10 |
---------------+-------------------------------+-----
Dodging        | 2 3 |  3.8
Conjurations   | 2 3 4 6 |  6.9
Stealth        | 2 3 |  3.0
Fire Magic     | 4 5 6 7 9 10 | 10.4
Spellcasting   | 3 4 5 6 8 9 |  9.4
Maces & Flails | 1 2 3 |  3.7
Fighting       | 1 2 |  2.2
Shields        | |  0.3
Translocations | |  0.1
Air Magic      | |  0.4

Action                   |  1- 3 |  4- 6 |  7- 9 | 10-12 || total
-------------------------+-------+-------+-------+-------++-------
Melee: Tailslap          |     3 |     2 |     4 |     4 ||    13
       Unarmed           |     2 |       |       |       ||     2
       Dagger            |     4 |       |       |       ||     4
       Mace              |     1 |    15 |     5 |       ||    21
       Punch             |       |     1 |       |     1 ||     2
       Flail             |       |       |    28 |    34 ||    62
 Cast: Foxfire           |    62 |    56 |   191 |    38 ||   347
       Scorch            |     5 |     7 |    42 |    30 ||    84
       Flame Wave        |       |       |       |    14 ||    14
       Kindle Blastspark |       |       |       |     1 ||     1
 Abil: Breathe Lightning |       |       |     1 |       ||     1
  Use: Scroll            |       |    10 |    13 |     1 ||    24
       Potion            |       |       |     1 |     1 ||     2
Armor: Skin              |     9 |     8 |    22 |    29 ||    68
Dodge: Dodged            |    21 |     9 |    47 |    72 ||   149
Block: Other             |     4 |     2 |       |       ||     6
       Reflection        |     1 |       |       |       ||     1

Table legend: (Time is in decaauts)
 A = Elapsed time spent in this place.
 B = Non-inter-level travel time spent in this place.
 C = Inter-level travel time spent in this place.
 D = Time resting spent in this place.
 E = Time spent auto-exploring this place.
 F = Levels seen in this place.
 G = Mean time per level.
                   A        B        C        D        E       F      G
               +--------+--------+--------+--------+--------+-----+--------+
         Total |   9416 |   9057 |    359 |    583 |   6886 |  10 |  941.6 |
       Dungeon |   9232 |   8892 |    340 |    583 |   6733 |   9 | 1025.8 |
        Temple |    184 |    165 |     19 |      0 |    153 |   1 |  184.0 |
               +--------+--------+--------+--------+--------+-----+--------+

Top non-repeatable levels by time:
     D:2: 1380 daAuts
     D:3: 1344 daAuts
     D:1: 1262 daAuts
     D:5: 1117 daAuts
     D:4: 988 daAuts
     D:7: 952 daAuts
     D:6: 870 daAuts
     D:8: 858 daAuts
     D:9: 458 daAuts
  Temple: 184 daAuts
